 Dungeon Crawl Stone Soup version 0.31.0-1-g2c135a008e (webtiles) character file.

Game seed: 15827751436085009055

67 qw the Shooter (level 4, -5/35 HPs)
             Began as a Djinni Hunter on Jan 24, 2024.
             Slain by a gnoll
             ... wielding a +0 halberd
              (12 damage)
             ... on level 2 of the Dungeon.
             The game lasted 00:00:05 (1486 turns).

qw the Shooter (Djinni Hunter)                      Turns: 1486, Time: 00:00:06

Health: -5/35      AC:  6    Str: 10    XL:     4   Next: 40%
Gold:   116        EV: 11    Int: 11    God:
                   SH:  0    Dex: 18

rFire   + + .        a - +0 shortbow
rCold   x . .        (shield currently unavailable)
rNeg    . . .        e - +0 ring mail
rPois   inf          j - +0 helmet
rElec   .            (no cloak)
rCorr   .            (no gloves)
SInv    .            (boots unavailable)
Will    .....        (no amulet)
Stlth   +            (no ring)
HPRegen 0.25/turn    (no ring)
MPRegen 0.00/turn

%: infuse magic (-6 HP)
@: flying
A: sickness immunity, fire resistance 2, cold vulnerability 1, float, innate
caster, HP casting, extra vitality 1
a: no special abilities


You were on level 2 of the Dungeon.
You visited 1 branch of the dungeon, and saw 2 of its levels.

You collected 136 gold pieces.
You spent 20 gold pieces at shops.


Innate Abilities, Weirdness & Mutations

You are immune to sickness and miasma.
You are immune to poison.
Your flesh is very heat resistant. (rF++)
You are vulnerable to cold. (rC-)
You float through the air rather than walking.
You learn spells naturally, not from books.
Your magical power is your life essence.
You have superior vitality. (+4 MHP)


   Skills:
 - Level 3.1 Fighting
 + Level 4.0 Ranged Weapons
 - Level 1.0 Armour
 - Level 2.1 Dodging
 - Level 0.7 Stealth


You knew the following spells:

 Your Spells              Type           Power      Damage    Failure   Level
a - Shock                 Conj/Air       0%         1d3       65%         1
Your spell library was empty.

Inventory:

Hand Weapons
 a - a +0 shortbow (weapon)
Armour
 e - a +0 ring mail (worn)
 i - the +5 ring mail "Xoadghaz" {-Cast rN+++ Will+ Slay+2}
   (You found it on level 2 of the Dungeon)

   Slay+2:    It affects your accuracy & damage with ranged weapons and melee
   (+2).
   rN+++:     It renders you almost immune to negative energy.
   Will+:     It increases your willpower.
   -Cast:     It prevents spellcasting.
 j - a +0 helmet (worn)
Wands
 b - a wand of polymorph (9)
Scrolls
 f - a scroll of fog {unknown}
 h - a scroll of identify
 l - a scroll of poison {unknown}
 n - a scroll of enchant armour {unknown}
Potions
 c - a potion of degeneration {unknown}
 d - a potion of cancellation {unknown}
 g - a potion of curing
 k - a potion of enlightenment
 m - a potion of resistance

Dungeon Overview and Level Annotations

Branches:
Dungeon (2/15)

Altars:
The Shining One

Shops:
D:1 ?


Message History

You shoot an arrow. The arrow completely misses the gnoll.
The gnoll hits you but does no damage.
A gnoll comes into view. It is wielding a +0 halberd.
You shoot an arrow. The arrow hits the gnoll.
The gnoll is moderately wounded.
The gnoll hits you with a +0 club.
A gnoll comes into view. It is wielding a +0 halberd.
Enter note:
Enter note:
Enter note:
Enter note:
Enter note:
Enter note:
1478 ||| RETREEEEATING.
The gnoll attacks as it pursues you! The gnoll hits you with a +0 club.
You shoot an arrow. The arrow hits the gnoll!
The gnoll is severely wounded.
The gnoll hits you but does no damage. The gnoll hits you with a +0 club.
You shoot an arrow. The arrow hits the gnoll.
The gnoll is severely wounded.
The gnoll barely misses you.
The gnoll hits you from afar with a +0 halberd!
You shoot an arrow. The arrow hits the gnoll.
You kill the gnoll!
The gnoll barely misses you.
Your Fighting skill increases to level 3!
You shoot an arrow. The arrow hits the gnoll.
The gnoll is moderately wounded.
The gnoll closely misses you.
The gnoll hits you from afar with a +0 halberd!
You shoot an arrow. The arrow closely misses the gnoll.
The gnoll hits you from afar with a +0 halberd!
You shoot an arrow. The arrow barely misses the gnoll.
The gnoll barely misses you.
You shoot an arrow. The arrow hits the gnoll.
The gnoll is heavily wounded.
The gnoll barely misses you. x2
You shoot an arrow. The arrow closely misses the gnoll.
The gnoll hits you from afar with a +0 halberd!
You die...

### #####..#.#.#
#............#.#
#.##########...### #.# #
##..... #.# .# ##..##
##.##g# ##.## #..g.g#
#..# #.)# ##.#
#.@##############..
#..................
.......#################
#######


You could see a gnoll.

Vanquished Creatures
  A gnoll (D:2)
  An adder (D:2)
  4 dart slugs
  2 bats (D:2)
  4 endoplasms
  3 giant cockroaches
  2 goblins (D:2)
  4 hobgoblins
  4 quokkas
  A ball python (D:1)
  A kobold (D:1)
  14 rats
41 creatures vanquished.

Notes
Turn   | Place    | Note
-------+----------+-------------------------------------------
     0 | D:1      | qw the Djinni Hunter began the quest for the Orb.
     0 | D:1      | Reached XP level 1. HP: 18/18 MP: 0/0
     0 | D:1      | 0 ||| qw: Version: 0.3-a-136-gdd3b4e8
     0 | D:1      | 0 ||| qw: Game counter: 1409
     0 | D:1      | 0 ||| qw: Melee chars always use a shield: true
     0 | D:1      | 0 ||| qw: God list: Okawaru
     0 | D:1      | 0 ||| qw: Allow faded altars: false
     0 | D:1      | 0 ||| qw: Do Orc after clearing Dungeon:15 true
     0 | D:1      | 0 ||| qw: Do second Lair branch before Depths: true
     0 | D:1      | 0 ||| qw: Lair rune preference: random
     0 | D:1      | 0 ||| qw: Goals: Normal
     0 | D:1      | 0 ||| PLANNING D:1-11
    52 | D:1      | Found a faded altar of an unknown god.
   296 | D:1      | Reached XP level 2. HP: 23/23 MP: 0/0
   361 | D:1      | Found Diqeesk's Magic Scroll Shoppe.
   369 | D:1      | 369 ||| SHOPLISTING scroll of brand weapon (95 gold, have
                  | 24).
   369 | D:1      | 369 ||| BUYING scroll of identify (20 gold).
   369 | D:1      | Bought a scroll of identify for 20 gold pieces
   369 | D:1      | 369 ||| SHOPLISTING scroll of identify (20 gold, have 4).
   369 | D:1      | 369 ||| SHOPLISTING scroll of teleportation (30 gold, have
                  | 4).
   759 | D:1      | 759 ||| UPGRADING to +0 ring mail.
   769 | D:1      | 769 ||| DROPPING +0 leather armour.
   770 | D:1      | 770 ||| UPGRADING to +0 helmet.
   775 | D:1      | 775 ||| READING 2 scrolls of identify.
   775 | D:1      | 775 ||| IDENTIFYING green potion
   776 | D:1      | 776 ||| READING scroll of identify.
   776 | D:1      | 776 ||| IDENTIFYING fuming inky potion
   777 | D:1      | 777 ||| READING scroll labelled HUSEDE VAONWU.
   778 | D:1      | 778 ||| READING scroll labelled ZAOBLOQOTA.
   779 | D:1      | 779 ||| DRINKING 2 lumpy clear potions.
   780 | D:1      | 780 ||| DRINKING 2 bubbling ruby potions.
   804 | D:1      | 804 ||| DRINKING 2 fuming clear potions.
   805 | D:1      | 805 ||| DRINKING 2 fuming puce potions.
   806 | D:1      | 806 ||| DROPPING scroll of butterflies.
   807 | D:1      | 807 ||| DROPPING potion of ambrosia.
   808 | D:1      | 808 ||| DROPPING potion of lignification.
   809 | D:1      | 809 ||| DROPPING potion of magic.
   870 | D:2      | Reached XP level 3. HP: 23/28 MP: 0/0
   870 | D:2      | Learned a level 1 spell: Shock
   948 | D:2      | Reached skill level 1 in Armour
   999 | D:2      | Reached skill level 4 in Ranged Weapons
  1117 | D:2      | Identified the +5 ring mail "Xoadghaz" {-Cast rN+++ Will+
                  | Slay+2}
  1177 | D:2      | Found a glowing golden altar of the Shining One.
  1191 | D:2      | Reached XP level 4. HP: 34/34 MP: 0/0
  1478 | D:2      | 1478 ||| RETREEEEATING.
  1482 | D:2      | Reached skill level 3 in Fighting
  1483 | D:2      | HP: 6/35 [gnoll/+0 halberd (10)]
  1486 | D:2      | Slain by a gnoll

Levels and vault maps discovered:
D:1:      dpeg_arrival_houses_and_road, layout_basic, basic_ecumenical_altar,
          serial_shops, shop, minmay_crystal_room, minmay_pentomino_o4
D:2:      layout_basic, basic_altar, st_stairs_10, minmay_rat_gold_closets

Skill      XL: |  1  2  3  4 |
---------------+-------------+-----
Armour         | 1 |  1.0
Ranged Weapons | 4 |  4.0
Fighting       | 3 |  3.1
Dodging        | |  2.1
Stealth        | |  0.7

Action                     |  1- 3 |  4- 6 || total
---------------------------+-------+-------++-------
   Fire: Shortbow          |    81 |    37 ||   118
    Use: Scroll            |     4 |       ||     4
         Potion            |     4 |       ||     4
 Armour: Leather armour    |     2 |       ||     2
         Ring mail         |    17 |    14 ||    31
  Dodge: Dodged            |    18 |    15 ||    33

Table legend:
 A = Non-vault XP
 B = Vault XP
 C = Vault XP percentage of total XP
 D = Non-vault monster count
 E = Vault monster count
 F = Vault count percentage of total count
                 A         B        C        D         E       F
            +---------+---------+-------+---------+---------+-------
      Total |      74 |      23 |  23.7 |      26 |      15 |  36.6
            +---------+---------+-------+---------+---------+-------
        D:1 |      17 |       8 |  32.0 |      10 |       3 |  23.1
        D:2 |      57 |      15 |  20.8 |      16 |      12 |  42.9
            +---------+---------+-------+---------+---------+-------
